Map: Tropical Sacrifice

Players

GotouDeath

  • Race: Protoss Protoss
  • League: Master
  • Spawn Location: 1:00

IIIIIIIIIIII - Winner!

  • Race: Zerg Zerg
  • Spawn Location: 7:00

VOD

Have the link to the VOD?

Description

Time

  • Played on: Jan. 15, 2023, 10:10 p.m.
  • Length: 18:37
Show
View Real Time Build Order
Export as new Build Order

GotouDeath Protoss 

Build Orders: 1 Gate Expand 

Get SALT Encoding   

  12  0:00  Probe  
  13  0:12  Probe  
  14  0:20  Pylon  
  14  0:25  Probe  
  15  0:38  Probe (Chrono Boost)  
  15  0:41  Gateway  
  16  0:48  Probe (Chrono Boost)  
  16  0:49  Assimilator  
  17  0:56  Probe  
  18  1:08  Probe  
  19  1:16  Pylon  
  19  1:20  Probe  
  20  1:32  Probe  
  21  1:35  Pylon  
  21  1:41  Nexus  
  21  1:47  Probe  
  22  1:58  Assimilator  
  22  2:00  Probe  
  23  2:02  Pylon  
  23  2:15  Cybernetics Core  
  23  2:20  Probe  
  24  2:32  Probe  
  24  2:33  Zealot (Chrono Boost)  
  28  2:44  Probe  
  28  2:53  Stargate  
  28  2:55  Warp Gate  
  28  2:58  Probe (Chrono Boost), Adept (Chrono Boost)  
  32  3:00  Probe (Chrono Boost)  
  32  3:08  Probe (Chrono Boost)  
  32  3:11  Probe (Chrono Boost)  
  34  3:14  Probe  
  34  3:15  Forge  
  35  3:20  Probe  
  35  3:26  Probe  
  37  3:32  Probe  
  38  3:38  Probe  
  38  3:39  Twilight Council  
  43  3:41  Void Ray (Chrono Boost)  
  43  3:47  Protoss Ground Weapons Level 1 (Chrono Boost), Probe  
  44  3:50  Probe  
  44  3:53  Gateway  
  45  3:59  Probe  
  45  4:02  Pylon  
  46  4:13  Charge (Chrono Boost)  
  46  4:14  Pylon  
  46  4:20  Probe, Adept  
  46  4:22  Nexus  
  46  4:24  Probe  
  50  4:32  Probe  
  50  4:36  Probe  
  52  4:39  Gateway  
  52  4:43  Shield Battery  
  52  4:44  Probe  
  53  4:48  Probe  
  54  4:56  Zealot, Probe  
  57  5:00  Gateway, Probe  
  57  5:02  Gateway  
  58  5:08  Zealot, Probe  
  58  5:11  Pylon  
  58  5:12  Probe  
  62  5:25  Pylon  
  62  5:27  Pylon  
  62  5:29  Zealot, Probe x2  
  62  5:30  Zealot  
  68  5:35  Zealot  
  70  5:44  Probe x3  
  70  5:49  Robotics Facility, Protoss Ground Weapons Level 2 (Chrono Boost)  
  69  5:53  Zealot x2  
  69  5:54  Blink (Chrono Boost)  
  69  5:56  Zealot x2, Probe x2  
  79  6:04  Probe  
  80  6:08  Probe x2  
  80  6:10  Pylon, Zealot  
  84  6:15  Assimilator  
  84  6:16  Probe  
  85  6:18  Pylon  
  85  6:20  Probe  
  86  6:27  Stalker  
  86  6:28  Stalker x3  
  94  6:38  Observer  
  93  6:53  Stalker x4  
  99  6:55  Probe x3  
  98  7:07  Warp Prism (Chrono Boost)  
  98  7:08  Sentry  
  100  7:14  Assimilator  
  102  7:20  Gateway  
  102  7:23  Gateway  
  102  7:25  Gateway, Nexus  
  102  7:26  Stalker  
  102  7:27  Pylon, Stalker x3  
  110  7:32  Zealot  
  110  7:33  Probe x3  
  110  7:36  Pylon  
  115  7:40  Pylon x2  
  115  7:45  Probe, Immortal  
  120  7:54  Zealot  
  120  7:55  Zealot x4  
  130  7:59  Pylon  
  130  8:07  Protoss Ground Weapons Level 3 (Chrono Boost)  
  114  8:23  Stalker x4  
  114  8:25  Zealot  
  114  8:26  Zealot x3  
  124  8:28  Probe x3  
  115  8:40  Probe x2  
  109  8:49  Stalker x2  
  109  8:50  Stalker x4  
  109  8:52  Zealot x2  
  111  9:24  Immortal (Chrono Boost)  
  97  9:25  Zealot x8  
  97  9:30  Resonating Glaives (Chrono Boost)  
  117  9:31  Assimilator  
  117  9:32  Assimilator  
  117  9:34  Photon Cannon  
  117  9:36  Shield Battery, Photon Cannon  
  117  9:38  Shield Battery  
  117  9:40  Pylon  
  117  9:42  Robotics Bay  
  117  9:45  Zealot  
  117  9:46  Zealot x7  
  117  9:48  Probe  
  117  9:49  Probe x3  
  137  10:00  Probe  
  137  10:02  Immortal (Chrono Boost)  
  137  10:03  Pylon  
  142  10:09  Pylon, Templar Archives  
  142  10:12  Stalker  
  142  10:13  Stalker x5  
  154  10:16  Stalker  
  154  10:17  Stalker  
  158  10:30  Gravitic Drive (Chrono Boost)  
  158  10:31  Disruptor (Chrono Boost)  
  158  10:32  Protoss Ground Armor Level 1 (Chrono Boost)  
  158  10:33  Nexus  
  161  10:43  Forge  
  161  10:47  Zealot x5  
  161  10:48  Zealot  
  161  10:49  Zealot  
  175  10:54  Zealot  
  175  10:56  Disruptor (Chrono Boost)  
  180  11:22  Disruptor (Chrono Boost)  
  180  11:23  Robotics Facility  
  180  11:24  Pylon  
  180  11:25  Protoss Shields Level 1 (Chrono Boost)  
  183  11:26  Pylon  
  183  11:35  Adept x6  
  195  11:46  Pylon, Probe x2  
  195  11:52  Disruptor (Chrono Boost)  
  198  12:01  Zealot  
  200  12:15  Fleet Beacon  
  200  12:18  Stargate  
  200  12:21  Pylon  
  200  12:25  Protoss Air Weapons Level 1  
  200  12:26  Protoss Ground Armor Level 2 (Chrono Boost)  
  200  12:43  Zealot  
  200  12:44  Zealot x7  
  183  13:05  Immortal x2 (Chrono Boost)  
  183  13:15  Psionic Storm  
  183  13:20  Protoss Shields Level 2 (Chrono Boost)  
  183  13:30  Photon Cannon  
  183  13:32  Photon Cannon  
  183  13:34  Pylon  
  183  13:36  Gateway  
  183  13:37  Gateway  
  183  13:38  Photon Cannon  
  183  13:39  Photon Cannon  
  179  13:41  Disruptor x2 (Chrono Boost)  
  179  13:44  Zealot  
  179  13:45  Zealot x6  
  189  14:15  Disruptor x2 (Chrono Boost)  
  181  14:19  Zealot  
  181  14:20  Zealot x7  
  185  14:45  Stalker x10  
  184  14:47  Observer (Chrono Boost)  
  80  15:15  Zealot x9  
  80  15:17  Probe x3  
  82  15:31  Probe x3  
  82  15:32  Probe x2  
  76  15:37  Zealot  
  76  15:38  Zealot x8  
  86  15:43  Probe x2  
  86  15:44  Zealot x4, Probe x3  
  86  15:47  Gateway  
  85  15:52  Cybernetics Core  
  85  15:55  Gateway, Probe x2  
  61  16:04  Gateway  
  61  16:06  Gateway  
  61  16:11  Assimilator, Gateway  
  58  16:12  Pylon  
  58  16:13  Pylon  
  58  16:15  Pylon, Nexus  
  58  16:16  Assimilator  
  56  16:20  Zealot x9  
  74  16:25  Probe  
  74  16:26  Probe x2  
  67  16:41  Stalker x7  
  67  16:42  Stalker x2  
  78  16:54  Robotics Facility, Stalker  
  78  16:55  Robotics Facility  
  78  17:10  Stalker x7  
  78  17:11  Stalker x3  
  71  17:53  Stalker x2  
Show
View Real Time Build Order
Export as new Build Order

IIIIIIIIIIII Zerg - Winner!

Build Orders: Hatch First, Lurkers, Roach Hydra 

Get SALT Encoding   

  12  0:01  Drone  
  13  0:11  Drone  
  14  0:19  Overlord  
  14  0:37  Drone x3  
  17  0:51  Drone  
  18  1:01  Drone  
  19  1:13  Hatchery  
  19  1:18  Drone, Spawning Pool  
  18  1:25  Drone  
  19  1:34  Extractor  
  19  1:35  Drone  
  19  1:46  Drone  
  20  1:53  Hatchery  
  19  2:03  Overlord  
  19  2:14  Queen  
  21  2:22  Zergling x4  
  23  2:24  Queen  
  25  2:31  Drone x2  
  27  2:38  Metabolic Boost  
  27  2:47  Drone x2  
  29  2:52  Drone x2  
  31  2:59  Drone x2  
  33  3:06  Overlord  
  33  3:15  Queen  
  35  3:21  Queen  
  35  3:23  Spore Crawler  
  35  3:25  Drone  
  37  3:30  Drone x2  
  37  3:33  Drone  
  37  3:34  Drone  
  41  3:41  Spore Crawler  
  41  3:42  Drone  
  41  3:46  Zergling x4  
  42  3:58  Drone x6  
  48  4:09  Drone  
  49  4:10  Overlord  
  49  4:13  Overlord  
  49  4:20  Overlord  
  49  4:25  Lair  
  49  4:27  Overlord  
  49  4:33  Drone x5  
  49  4:35  Overlord, Drone x3  
  57  4:47  Overlord x2  
  57  4:49  Drone x2  
  57  4:50  Queen  
  61  4:54  Drone  
  61  4:55  Drone x2  
  64  5:02  Drone x4  
  64  5:03  Drone x3  
  71  5:15  Spore Crawler  
  69  5:22  Extractor x2  
  69  5:23  Extractor, Drone  
  69  5:24  Drone x5, Hydralisk Den  
  68  5:46  Drone x3  
  68  5:49  Drone  
  73  5:50  Drone x2  
  73  5:52  Overlord x2  
  74  5:59  Hydralisk x2  
  74  6:03  Hydralisk  
  74  6:04  Hydralisk  
  78  6:05  Roach Warren  
  78  6:06  Evolution Chamber x2  
  78  6:07  Spine Crawler  
  78  6:08  Spine Crawler  
  78  6:09  Hydralisk  
  79  6:13  Muscular Augments  
  79  6:14  Hydralisk x2  
  79  6:16  Hydralisk  
  85  6:23  Zergling x2  
  85  6:24  Zergling x10  
  85  6:25  Zergling x2  
  86  6:35  Hydralisk x3  
  92  6:46  Hydralisk x3  
  91  6:52  Hydralisk  
  91  6:53  Roach, Zergling x2  
  90  7:05  Zerg Missile Weapons Level 1  
  90  7:07  Zerg Melee Weapons Level 1  
  86  7:12  Roach  
  86  7:13  Roach x2  
  86  7:14  Drone x3  
  95  7:17  Overlord  
  95  7:19  Queen  
  95  7:22  Hatchery  
  96  7:24  Hatchery  
  95  7:30  Glial Reconstitution  
  95  7:31  Roach x2  
  95  7:32  Roach x2  
  95  7:33  Overlord  
  103  7:39  Roach  
  103  7:40  Roach  
  103  7:43  Roach  
  109  7:47  Overlord x2  
  109  7:54  Roach x2, Grooved Spines  
  109  7:55  Overlord, Roach  
  115  8:02  Roach x3  
  115  8:03  Zergling x2  
  121  8:13  Roach x3  
  121  8:14  Roach  
  121  8:19  Roach x3  
  125  8:21  Roach  
  123  8:28  Roach x3  
  123  8:30  Roach  
  118  8:37  Roach x2  
  118  8:38  Roach x2  
  118  8:43  Zergling x10  
  118  8:44  Zergling x8  
  118  8:45  Roach  
  119  8:50  Roach  
  119  8:52  Roach  
  121  8:58  Roach x4  
  121  8:59  Roach  
  125  9:07  Hydralisk x2  
  127  9:13  Hydralisk  
  112  9:25  Queen  
  112  9:28  Drone  
  112  9:29  Drone x5  
  120  9:34  Lurker Den  
  120  9:37  Drone x6  
  125  9:41  Hatchery  
  125  9:42  Zerg Missile Weapons Level 2  
  124  9:47  Drone  
  124  9:48  Drone  
  124  9:49  Extractor  
  124  9:50  Extractor  
  124  10:00  Infestation Pit  
  124  10:04  Drone x5  
  124  10:05  Drone x6  
  134  10:11  Zerg Melee Weapons Level 2  
  134  10:21  Drone x4  
  137  10:24  Hydralisk x4  
  137  10:26  Extractor  
  145  10:30  Extractor  
  144  10:52  Overlord x3  
  144  10:56  Overlord  
  144  10:57  Hive  
  144  11:02  Spore Crawler  
  143  11:05  Burrow  
  143  11:07  Spine Crawler  
  143  11:08  Drone x2, Spine Crawler x2  
  143  11:09  Drone x6, Spine Crawler  
  147  11:13  Spine Crawler  
  147  11:14  Spine Crawler  
  147  11:16  Lurker x4  
  147  11:17  Lurker x2  
  151  11:20  Spine Crawler  
  151  11:21  Spine Crawler  
  149  11:28  Overlord, Overseer  
  149  11:29  Pneumatized Carapace  
  149  11:32  Drone x5  
  154  11:33  Drone x2  
  156  11:50  Hydralisk  
  156  11:53  Zergling x10  
  156  11:54  Zergling x10  
  166  11:55  Zergling x2  
  166  11:58  Spine Crawler  
  166  12:00  Spine Crawler  
  167  12:10  Overlord  
  167  12:13  Viper x4  
  167  12:14  Viper  
  182  12:20  Overlord x2  
  182  12:28  Hydralisk  
  181  12:31  Seismic Spines  
  181  12:33  Hydralisk  
  181  12:34  Roach  
  168  12:55  Hydralisk x3  
  168  12:56  Roach x2  
  177  13:04  Hatchery  
  174  13:06  Hydralisk x4  
  174  13:08  Roach x2  
  184  13:16  Drone x2  
  184  13:17  Drone  
  187  13:21  Lurker x3  
  187  13:22  Overlord x2, Lurker  
  191  13:28  Adaptive Talons  
  191  13:33  Hydralisk x3  
  196  13:34  Overlord  
  196  13:49  Hydralisk x2  
  196  13:53  Hatchery  
  196  13:54  Overseer  
  195  14:12  Hydralisk  
  195  14:13  Hydralisk x2  
  196  14:25  Hydralisk x2  
  196  14:28  Hydralisk x2  
  196  14:29  Hydralisk  
  191  14:43  Hydralisk  
  191  14:44  Hydralisk x3  
  198  14:46  Drone x2  
  167  15:12  Hydralisk x11  
  167  15:13  Hydralisk x4  
  148  15:33  Lurker  
  148  15:34  Lurker x5, Hydralisk  
  148  15:35  Lurker, Hydralisk  
  159  15:36  Roach x2  
  163  15:43  Hatchery  
  163  15:45  Hydralisk x3  
  160  15:57  Roach x4  
  160  15:58  Roach x2  
  160  16:01  Drone  
  173  16:22  Roach x3  
  173  16:25  Roach x2  
  183  16:30  Roach x3  
  189  16:38  Roach x3  
  189  16:39  Roach  
  187  16:54  Roach  
  187  16:55  Roach x4  
  197  17:02  Roach x3  
  197  17:04  Roach  
  197  17:09  Roach, Overseer x2  
  189  17:33  Roach x2  
  189  17:34  Roach  
  194  17:43  Hydralisk x5  
  195  17:44  Hydralisk x2  
  195  17:45  Hydralisk  
  195  17:49  Hydralisk  
  200  17:53  Zergling x8  
  200  17:56  Roach x9  
  200  17:58  Hydralisk x2  
  184  18:05  Hydralisk x2  
  184  18:07  Zergling x2  
Tags
 
Add a new tag
Caveats
  • Supply blocks, unpowered buildings, or Contaminate may cause inaccurate times.
  • Supply counts are checked every 10 seconds.